 Dungeon Crawl Stone Soup version 0.31-a0-446-g07c4bd200f (webtiles) character file.

Game seed: 16539716668923292731

47 Ethylacetat the Insei (level 3, -4/20 HPs)
             Began as a Vine Stalker Monk on Aug 3, 2023.
             Slain by a worm (6 damage)
             ... on level 2 of the Dungeon.
             The game lasted 00:00:54 (933 turns).

Ethylacetat the Insei (Vine Stalker Monk)            Turns: 933, Time: 00:00:55

Health: -4/20      AC:  2    Str: 13    XL:     3   Next: 70%
Magic:  0/4        EV: 13    Int: 10    God:
Gold:   52         SH:  0    Dex: 18    Spells: 2/2 levels left

rFire   . .          .
                       - Unarmed
rCold   . . .        c - orb {light}
rNeg    . . .        a - +0 robe
rPois   .            (no helmet)
rElec   .            (no cloak)
rCorr   .            (no gloves)
SInv    .            (no boots)
Will    .....        (no amulet)
Stlth   +            (no ring)
HPRegen 0.23/turn    (no ring)
MPRegen 0.09/turn

%: guardian spirit
@: glowing
A: fangs 2, magic shield, antimagic bite, no potion heal 2
a: no special abilities


You were on level 2 of the Dungeon.
You visited 1 branch of the dungeon, and saw 2 of its levels.

You collected 52 gold pieces.

Inventory:

Missiles
 h - a throwing net
Armour
 a - a +0 robe (worn)
 c - an orb of light (worn)
Scrolls
 f - a scroll of enchant armour {unknown}
 g - a scroll of fear {unknown}
 j - a scroll of identify {unknown}
Potions
 b - 2 potions of ambrosia
 d - a potion of degeneration {unknown}
 e - a potion of might {unknown}
 i - 2 potions of attraction {unknown}
 k - a potion of lignification {unknown}


   Skills:
 + Level 3.2 Fighting
 + Level 2.9 Dodging
 + Level 3.5 Unarmed Combat


You had 2 spell levels left.
You didn't know any spells.
Your spell library was empty.

Dungeon Overview and Level Annotations

Branches:
Dungeon (2/15)

Altars:


Innate Abilities, Weirdness & Mutations

You have extremely sharp teeth.
When hurt, damage is shared between your health and your magic reserves.
Your bite disrupts and absorbs the magic of your enemies.
Potions cannot restore your health.


Message History

You bite the hobgoblin, but do no damage.
The hobgoblin is almost dead.
The hobgoblin hits you but does no damage.
You hit the hobgoblin.
You kill the hobgoblin!
Items here: ( )) [ †††.
A worm comes into view.
A worm is nearby!
You hit the worm. You bite the worm. You drain its power.
The worm is lightly wounded.
A rat comes into view.
You hit the worm.
The worm is moderately wounded.
The worm bites you!
You hit the worm but do no damage.
The worm is lightly wounded.
You hit the worm.
The worm is moderately wounded.
The worm bites you!
You are too injured to fight recklessly!
You are too injured to fight recklessly!
You are too injured to fight recklessly!
You are too injured to fight recklessly!
You hit the worm. You bite the worm, but do no damage.
The worm is heavily wounded.
You hit the worm.
The worm is heavily wounded.
The worm misses you.
You hit the worm but do no damage. You bite the worm. You drain its power.
You feel invigorated.
The worm is severely wounded.
You hit the worm.
The worm is severely wounded.
The worm bites you!
* * * LOW HITPOINT WARNING * * *
You hit the worm but do no damage. You bite the worm. You drain its power.
You feel invigorated.
The worm is almost dead.
The worm bites you!
You die...

..#...##.#########
#...####..<.......
.....#####.####### #
.............[# .#
......####.##.######.#
.###..####.##.#......#
.#⌠#.....).........##
.###..####.##..#.#..##
...........##...@wr..#
.....########..#.#.#....
..#### #...!.....# . ..#
#......#..# ..#
#......#.... ..#
#......#.#### ###
#.....##.# #..... .#


You could see a worm and a rat.

Vanquished Creatures
  2 adders (D:2)
  An orc (D:2)
  3 bats
  2 endoplasms
  A giant cockroach (D:1)
  A goblin (D:1)
  3 hobgoblins
  3 kobolds
  2 quokkas
  4 ball pythons (D:1)
  A frilled lizard (D:1)
  4 rats
27 creatures vanquished.

Notes
Turn   | Place    | Note
-------+----------+-------------------------------------------
     0 | D:1      | Ethylacetat the Vine Stalker Monk began the quest for the
                  | Orb.
     0 | D:1      | Reached XP level 1. HP: 11/11 MP: 2/2
   100 | D:1      | Reached XP level 2. HP: 16/16 MP: 3/3
   108 | D:1      | Found a faded altar of an unknown god.
   635 | D:2      | Reached XP level 3. HP: 18/20 MP: 4/4
   933 | D:2      | Slain by a worm

Illustrated notes

Levels and vault maps discovered:
D:1:      ldierk_walled_garden, layout_basic,
          chequers_ecumenical_altar_simple_redux, minmay_tetromino_s2
D:2:      layout_basic, serial_shops, shop, serial_glass, glass_columns_a,
          glass_columns_a, feat_on_display, feat_on_display, feat_on_display,
          kennysheep_generic_room_10, uniq_jessica

Skill      XL: |  1  2 |
---------------+-------+-----
Fighting       | 3 |  3.2
Dodging        | |  2.9
Unarmed Combat | |  3.5

Action                     || total
---------------------------++-------
  Melee: Unarmed           ||    82
         Bite              ||    24
 Armour: Robe              ||     6
  Dodge: Dodged            ||    38

Table legend: (Time is in decaauts)
 A = Elapsed time spent in this place.
 B = Non-inter-level travel time spent in this place.
 C = Inter-level travel time spent in this place.
 D = Time resting spent in this place.
 E = Time spent auto-exploring this place.
 F = Levels seen in this place.
 G = Mean time per level.
                   A        B        C        D        E       F      G
               +--------+--------+--------+--------+--------+-----+--------+
         Total |    929 |    917 |     12 |      0 |    730 |   2 |  464.5 |
       Dungeon |    929 |    917 |     12 |      0 |    730 |   2 |  464.5 |
               +--------+--------+--------+--------+--------+-----+--------+

Top non-repeatable levels by time:
     D:1: 605 daAuts
     D:2: 323 daAuts
